 Dungeon Crawl Stone Soup version 0.17.0-57-g0e89251 (webtiles) character file.

2088 coffecat the Nimble (level 9, -4/42 HPs)
             Began as a Felid Berserker on Dec 7, 2015.
             Was a Believer of Trog.
             Killed from afar by Harold (42 damage)
             ... with a bolt of fire
             ... on level 1 of the Lair of Beasts.
             The game lasted 00:33:29 (6336 turns).

coffecat the Nimble (Felid Berserker)               Turns: 6336, Time: 00:33:29

Health: -4/42      AC:  2    Str: 13    XL:     9   Next: 6%
Magic:  10/10      EV: 26    Int:  9    God:    Trog [**....]
Gold:   122        SH:  0    Dex: 18    Spells: 0 memorised, 8 levels left
                                        Lives:  0   Deaths: 2

rFire  . . .     SeeInvis +       - Unarmed
rCold  . . .     Clarity  .     (armour unavailable)
rNeg   . . .     SustAt   .     (shield unavailable)
rPois  .         Gourm    .     (helmet unavailable)
rElec  .         Spirit   .     (cloak unavailable)
rCorr  .         Warding  .     (gloves unavailable)
rMut   .         Stasis   .     (boots unavailable)
MR     ++...                    (no amulet)
Stlth  +++.......               (no ring)
                                o - ring of protection from magic

@: exhausted, quick, very resistant to hostile enchantments, fairly stealthy
A: no armour, no weapons or thrown items, claws 1, fangs 3, see invisible,
carnivore 3, speed 1, shaggy fur 2, slow metabolism 1, sharp paws
a: Berserk, Trog's Hand, Burn Spellbooks, Renounce Religion


You were on level 1 of the Lair of Beasts.
You worshipped Trog.
Trog was pleased with you.
You were very full.

You visited 2 branches of the dungeon, and saw 9 of its levels.

You collected 212 gold pieces.
You spent 90 gold pieces at shops.

Inventory:

Armour
 x - a troll hide
Jewellery
 o - a ring of protection from magic (left paw)
Wands
 t - a wand of digging (15)
Scrolls
 b - a scroll of recharging {unknown}
 c - a scroll of immolation {unknown}
 e - 8 scrolls of identify {unknown}
 f - a scroll of magic mapping {unknown}
 h - 4 scrolls of remove curse {unknown}
 k - 4 scrolls of enchant armour {unknown}
 l - a scroll of teleportation {unknown}
 n - 2 scrolls of fear {unknown}
 p - 2 scrolls of amnesia {unknown}
 q - 2 scrolls of enchant weapon {unknown}
 v - a scroll of holy word {unknown}
Potions
 d - a potion of degeneration {unknown}
 g - 2 potions of flight {unknown}
 j - 2 potions of mutation {unknown}
 m - 2 potions of agility {unknown}
 r - a potion of brilliance
 s - a potion of curing
 w - a potion of haste {unknown}
 z - a potion of lignification {unknown}
Comestibles
 a - 2 meat rations
 i - 3 slices of pizza


   Skills:
 + Level 6.4 Fighting
 - Level 10.0 Dodging
 * Level 9.4 Stealth
 * Level 9.3 Unarmed Combat


You had 8 spell levels left.
You didn't know any spells.

Dungeon Overview and Level Annotations

Branches:
Dungeon (9/15)               Lair (1/8) D:9
 Temple: D:4-7          Orc: D:9-12

Altars:
Dithmenos
Trog
Xom

Shops:
D:4 [   D:5 !   D:6 :

Annotations:
D:5 Menkaure, Prince Ribbit
D:9 Grum
Lair:1 Harold


Innate Abilities, Weirdness & Mutations

You cannot wear armour.
You are incapable of wielding weapons or throwing items.
You have sharp claws.
You have razor-sharp teeth.
You have supernaturally acute eyesight.
You are carnivorous and can eat meat at any time.
You cover ground quickly.
You are covered in thick fur (AC +2).
You have a slow metabolism.
Your sharp claws are effective at attacking unaware monsters.


Message History

You enter the shallow water.
Moving in this stuff is going to be slow.
Harold mumbles some strange words.
Harold blinks!
Harold completely misses you. Why would you want to do that?
Harold casts a spell.
Harold blinks!
Harold casts a spell.
Harold blinks!
Harold gestures wildly while chanting.
Harold blinks!
Harold says, "This is so exciting!
What a great way to end my career!"
Harold gestures wildly while chanting.
Harold blinks!
Harold shouts, "Can you die now?
I had plans for the rest of the day!"
Harold points at you and mumbles some strange words.
The bolt of fire hits you!
Ouch! That really hurt!
You die...

#...# #.## ##...#
#.. # #....# #.#
#.###...######.#####
....................
...#.##.≈≈......#
....##.≈≈≈≈≈≈@..#
...##.≈≈≈≈≈≈≈≈§.#
...#≈≈≈≈≈≈≈≈≈≈@.# ..
##.≈≈≈≈..≈≈≈.#
PP.≈≈≈.>≈≈≈≈≈#
...≈≈≈≈..≈≈≈≈.+
.....≈≈≈≈≈≈≈≈≈.#
...#.≈≈≈≈≈≈≈≈≈..
..≈≈≈≈≈.....
..≈≈.≈.#.... ##≈##.#
.....


You could see Harold.

Vanquished Creatures
  A komodo dragon (Lair:1)
  A fire drake (D:9)
  The ghost of emiel the Digger, an amateur NaEE (D:4)
  A troll (D:9)
  The ghost of emiel the Chopper, an amateur FoGl (D:5)
  3 yaks (Lair:1)
  A water moccasin (Lair:1)
  2 ogres
  An orc warrior (D:8)
  2 sky beasts (D:6)
  A porcupine (Lair:1)
  3 centaurs
  A giant frog (D:9)
  A scorpion (D:4)
  A wyvern skeleton (D:8)
  5 wights (D:8)
  3 orc priests
  6 hounds
  4 jellies
  A giant frog skeleton (D:5)
  3 orc wizards
  2 centaur skeletons
  4 worker ants
  A killer bee zombie (D:5)
  2 iguanas
  2 hound zombies
  A hound skeleton (D:5)
  2 worker ant zombies (D:5)
  7 adders
  An ooze (D:6)
  An adder skeleton (D:4)
  2 worms (D:4)
  A giant gecko (D:2)
  9 orcs
  5 bats
  3 giant cockroaches
  6 hobgoblins
  2 jackals (D:2)
  6 kobolds
  A giant cockroach zombie (D:5)
  A giant gecko skeleton (D:4)
  2 giant gecko zombies (D:5)
  6 giant newts
  6 goblins
  A jackal zombie (D:5)
  4 quokkas
  A quokka skeleton (D:7)
  4 rats
  A plant (D:5)
127 creatures vanquished.

Vanquished Creatures (others)
  An orc wizard (D:6)
  2 worker ants (D:6)
  A ball python (D:6)
  2 jackals (D:6)
6 creatures vanquished.

Grand Total: 133 creatures vanquished

Notes
Turn   | Place    | Note
--------------------------------------------------------------
     0 | D:1      | coffecat the Felid Berserker began the quest for the Orb.
     0 | D:1      | Reached XP level 1. HP: 10/10 MP: 2/2
   477 | D:1      | Reached XP level 2. HP: 14/14 MP: 3/3
  1105 | D:2      | Reached XP level 3. HP: 17/17 MP: 4/4
  1156 | D:2      | Found a shadowy altar of Dithmenos.
  1445 | D:2      | Reached skill level 5 in Dodging
  1537 | D:2      | Reached ** piety under Trog
  1545 | D:2      | HP: 1/25 [poisoned by an adder]
  1789 | D:2      | Reached XP level 4. HP: 21/21 MP: 5/5
  1800 | D:2      | Found a bloodstained altar of Trog.
  1847 | D:2      | You fall through a shaft for 2 floors!
  2011 | D:4      | Noticed an ogre
  2032 | D:4      | Reached skill level 6 in Dodging
  2032 | D:4      | Reached skill level 1 in Stealth
  2032 | D:4      | Reached XP level 5. HP: 24/24 MP: 6/6
  2040 | D:4      | Found a shimmering altar of Xom.
  2565 | D:4      | Gained mutation: You are covered in thick fur (AC +2). [Felid growth]
  2565 | D:4      | Reached XP level 6. HP: 21/28 MP: 7/7
  2617 | D:4      | Noticed emiel's ghost (amateur NaEE)
  2630 | D:4      | Reached skill level 5 in Unarmed Combat
  2642 | D:4      | Killed emiel's ghost
  2642 | D:4      | Reached skill level 7 in Dodging
  2642 | D:4      | Reached XP level 7. HP: 21/32 MP: 8/8
  2722 | D:4      | Killed an ogre
  2813 | D:4      | Found Efonui's Antique Armour Emporium.
  2938 | D:5      | Entered Level 5 of the Dungeon
  2957 | D:5      | Noticed emiel's ghost (amateur FoGl)
  2964 | D:5      | Killed emiel's ghost
  2965 | D:5      | Found Gatuacki's Distillery.
  3032 | D:5      | Reached skill level 8 in Dodging
  3080 | D:5      | Bought a potion of curing for 45 gold pieces
  3080 | D:5      | Bought a potion of curing for 45 gold pieces
  3299 | D:5      | Noticed Prince Ribbit
  3309 | D:5      | Noticed Menkaure
  3327 | D:5      | Slain by Menkaure
  3328 | D:5      | Reached XP level 6. HP: -3/29 MP: 7/7
  3358 | D:6      | Reached XP level 7. HP: 33/33 MP: 8/8
  3420 | D:6      | Found Iveariacs's Book Emporium.
  3466 | D:6      | Found a shimmering altar of Xom.
  3530 | D:6      | Reached skill level 9 in Dodging
  3694 | D:6      | Reached skill level 5 in Fighting
  4112 | D:8      | Found a bloodstained altar of Trog.
  4178 | D:8      | Reached XP level 8. HP: 30/37 MP: 9/9
  4658 | D:8      | Reached skill level 5 in Stealth
  5096 | D:8      | Reached skill level 10 in Dodging
  5436 | D:9      | Found a staircase to the Lair.
  5438 | D:9      | Noticed a troll
  5439 | D:9      | Noticed a fire drake
  5453 | D:9      | Killed a fire drake
  5454 | D:9      | Reached XP level 9. HP: 28/41 MP: 10/10
  5459 | D:9      | Killed a troll
  5676 | D:9      | Noticed Grum
  5682 | D:9      | Demolished by Grum
  5683 | D:9      | Reached XP level 8. HP: -20/38 MP: 9/9
  5699 | Lair:1   | Entered Level 1 of the Lair of Beasts
  5699 | Lair:1   | Noticed a komodo dragon
  5709 | Lair:1   | Killed a komodo dragon
  6075 | Lair:1   | Reached XP level 9. HP: 37/42 MP: 10/10
  6122 | Lair:1   | Noticed Harold
  6336 | Lair:1   | Killed from afar by Harold

Action                   |  1- 3 |  4- 6 |  7- 9 || total
-------------------------+-------+-------+-------++-------
Melee: Unarmed           |   123 |   108 |   298 ||   529
Invok: Berserk           |     3 |     4 |    13 ||    20
       Trog's Hand       |     1 |     5 |    11 ||    17
       Burn Spellbooks   |       |       |     1 ||     1
  Use: Potion            |       |       |     7 ||     7
 Stab: Sleeping          |       |     1 |     9 ||    10
  Eat: Chunk             |     9 |     5 |    21 ||    35
       Meat ration       |       |       |     1 ||     1
